[Event "FIDE World Rapid-ch Open 2018"]
[White "Amin, Bassem"]
[Black "Sychev, Klementy"]
[Site "St. Petersburg"]
[Round "9.53"]
[Annotator "RC"]
[Result "1/2-1/2"]
[Date "2018.12.27"]
[WhiteElo "2710"]
[BlackElo "2537"]
[PlyCount "151"]
[TimeControl "900+10"]

1. e4 e5 2. Nf3 Nc6 3. Bc4 Nf6 4. d3 Bc5 5. 0-0 0-0 6. h3 h6 7. c3 d6 8. Re1 Bb6 9. a4 a5 10. Bb3 Ne7 11. d4 Ng6 12. Nbd2 c6 13. Bc2 Re8 14. Nf1 d5 15. Ng3 dxe4 16. Nxe4 Nxe4 17. Bxe4 f5 18. Bc2 e4 19. Nh2 Bc7 20. Nf1 Nf4 21. f3 Qg5 22. Bxf4 Bxf4 23. fxe4 fxe4 24. Rxe4 Bxh3 25. Qf3 Rxe4 26. Qxe4 Rf8 27. Re1 Bf5 28. Qe2 Bg4 29. Qd3 Bf5 30. Qc4+ Kh7 31. Bxf5+ Qxf5 32. Qe6 Qxe6 33. Rxe6 Bc1 34. Re2 Kg6 35. Ng3 Bf4 36. Ne4 Re8 37. Kf2 Bc1 38. b3 Rf8+ 39. Ke1 Ba3 40. Nd2 Bb2 41. Re3 b5 42. Nf3 bxa4 43. bxa4 Rf6 44. Kd2 Ba3 45. Re5 c5 46. dxc5 Rc6 47. Kd3 Bxc5 48. Rd5 Rc7 49. Ne5+ Kf5 50. Nc6+ Ke6 51. Rxc5 Kd6 52. Rxa5 Kxc6 53. Re5 Rf7 54. Kc4 Rf4+ 55. Kb3 Rg4 56. Re2 Kc5 57. a5 Kb5 58. Ra2 Ka6 59. c4 h5 60. Kb4 h4 61. Re2 g5 62. Kc5 Rg3 63. Rf2 g4 64. Rf6+ Ka7 65. Rh6 Rxg2 66. Rxh4 g3 67. Rg4 Rg1 68. Rg7+ Ka6 69. Kc6 g2 70. c5 Kxa5 71. Rg4 Rh1 72. Rxg2 Rh6+ 73. Kb7 Rh7+ 74. Kc6 Rh6+ 75. Kd5 Rh5+ 76. Ke4 1/2-1/2

[Event "FIDE World Rapid-ch Open 2018"]
[White "Fakhrutdinov, Timur"]
[Black "Antipov, Mikhail Al."]
[Site "St. Petersburg"]
[Round "9.54"]
[Annotator "ChessBase"]
[Result "0-1"]
[Date "2018.12.27"]
[WhiteElo "2481"]
[BlackElo "2589"]
[PlyCount "100"]
[TimeControl "900+10"]

1. e4 c5 2. Nf3 Nc6 3. d4 cxd4 4. Nxd4 e6 5. Nc3 Qc7 6. Be3 a6 7. a3 b5 8. Nxc6 Qxc6 9. Qd4 Bb7 10. Be2 Qd6 11. 0-0-0 Qxd4 12. Bxd4 Rc8 13. Rd2 f6 14. Rhd1 Bc6 15. f3 Nh6 16. Kb1 Nf7 17. Na2 a5 18. Bb6 b4 19. Bxa5 bxa3 20. b3 Rb8 21. Nc1 Bc5 22. Ka2 Ke7 23. c3 Rhc8 24. Ba6 Re8 25. Bc7 Ra8 26. Bc4 Rec8 27. Bg3 Ne5 28. Bxe5 fxe5 29. Nd3 Bd6 30. Ne1 Bc7 31. Nc2 Ra7 32. Nb4 Ba5 33. Nxc6+ Rxc6 34. Bb5 Bxc3 35. Rd3 Rcc7 36. Rc1 Bb4 37. Rc4 Rxc4 38. Bxc4 Rc7 39. Rd1 Rc8 40. Rd3 h5 41. h3 h4 42. Rd1 Rc7 43. Kb1 Kf6 44. Bb5 Rc3 45. Bc4 Re3 46. Rxd7 Re1+ 47. Ka2 Rg1 48. Rd3 Rxg2+ 49. Kb1 a2+ 50. Ka1 Rc2 0-1

[Event "FIDE World Rapid-ch Open 2018"]
[White "Christiansen, Johan-Sebastian"]
[Black "Sarana, Alexey"]
[Site "St. Petersburg"]
[Round "9.55"]
[Annotator "ChessBase"]
[Result "0-1"]
[Date "2018.12.27"]
[WhiteElo "2555"]
[BlackElo "2618"]
[PlyCount "94"]
[TimeControl "900+10"]

1. e4 c5 2. Nf3 d6 3. Nc3 Nf6 4. e5 dxe5 5. Nxe5 a6 6. g3 Qc7 7. d4 cxd4 8. Qxd4 Nc6 9. Nxc6 Qxc6 10. Bg5 h6 11. Bxf6 exf6 12. 0-0-0 Be6 13. Bd3 Bc5 14. Be4 Qc8 15. Bxb7 Bxd4 16. Bxc8 Bxc3 17. Bxe6 Bxb2+ 18. Kxb2 fxe6 19. c4 Ke7 20. Kc3 Rhc8 21. Rd4 Rab8 22. Rhd1 Rc7 23. f4 Rb5 24. Re1 Ra5 25. Re2 Rac5 26. Rde4 R7c6 27. Rb2 Kf7 28. g4 f5 29. gxf5 Rxf5 30. Rb7+ Kf6 31. Rd4 Rfc5 32. Kd3 g5 33. fxg5+ hxg5 34. h4 Ra5 35. hxg5+ Kxg5 36. Rg7+ Kf6 37. Rg2 Ra3+ 38. Ke4 Rc3 39. Rf2+ Ke7 40. Rh2 R3xc4 41. Rh7+ Kf6 42. Ra7 Rc2 43. a4 R2c3 44. Ra8 Rh3 45. Rf8+ Ke7 46. Ra8 Rcc3 47. Ra7+ Kf6 {[%emt 0:0:0] Ke5+ Kxe5} 0-1

[Event "FIDE World Rapid-ch Open 2018"]
[White "Paravyan, David"]
[Black "Popov, Ivan"]
[Site "St. Petersburg"]
[Round "9.56"]
[Annotator "ChessBase"]
[Result "1-0"]
[Date "2018.12.27"]
[WhiteElo "2634"]
[BlackElo "2592"]
[PlyCount "67"]
[TimeControl "900+10"]

1. d4 d5 2. Nf3 Nf6 3. a3 g6 4. c4 dxc4 5. e3 Bg7 6. Bxc4 c5 7. 0-0 cxd4 8. Nxd4 0-0 9. Nc3 Bd7 10. e4 Nc6 11. Nf3 Bg4 12. h3 Qxd1 13. Rxd1 Bxf3 14. gxf3 Rfd8 15. Be3 e6 16. Bb5 Rdc8 17. Rac1 Ne5 18. f4 Nc4 19. e5 Ne8 20. Ne4 Nxe3 21. fxe3 Rxc1 22. Rxc1 a6 23. Bxe8 Rxe8 24. Rc7 b5 25. Ra7 Rc8 26. b4 h6 27. Rxa6 g5 28. Kf2 gxf4 29. exf4 Rc2+ 30. Kf3 Bf8 31. Ra5 Rh2 32. Kg3 Re2 33. Kf3 Rh2 34. Nf2 1-0

[Event "FIDE World Rapid-ch Open 2018"]
[White "Postny, Evgeny"]
[Black "Geller, Jakov"]
[Site "St. Petersburg"]
[Round "9.57"]
[Annotator "ChessBase"]
[Result "1-0"]
[Date "2018.12.27"]
[WhiteElo "2615"]
[BlackElo "2518"]
[PlyCount "78"]
[TimeControl "900+10"]

1. d4 d5 2. c4 e6 3. Nf3 Nf6 4. g3 Be7 5. Bg2 0-0 6. Qc2 c6 7. 0-0 b6 8. b3 Nbd7 9. Nc3 Ba6 10. Nd2 b5 11. e4 dxc4 12. bxc4 bxc4 13. Rd1 Qa5 14. Bf1 Nb6 15. Bb2 Rfd8 16. Nf3 h6 17. a4 Rac8 18. Nb1 Bb4 19. Nc3 c5 20. d5 exd5 21. exd5 Nbxd5 22. Nxd5 Nxd5 23. Bxc4 Bxc4 24. Qxc4 Bc3 25. Rxd5 Bxb2 26. Rad1 Rxd5 27. Rxd5 Qc3 28. Qa6 Re8 29. Kg2 Qb4 30. Qxa7 c4 31. Rb5 Qa3 32. Qd7 Rf8 33. a5 Bf6 34. Qc6 c3 35. a6 Rd8 36. Rc5 Qa2 37. Rc4 Qa5 38. Ra4 Qf5 39. a7 Rd2 1-0

[Event "FIDE World Rapid-ch Open 2018"]
[White "Jumabayev, Rinat"]
[Black "Anisimov, Pavel"]
[Site "St. Petersburg"]
[Round "9.58"]
[Annotator "ChessBase"]
[Result "1-0"]
[Date "2018.12.27"]
[WhiteElo "2602"]
[BlackElo "2533"]
[PlyCount "73"]
[TimeControl "900+10"]

1. c4 e5 2. Nc3 d6 3. g3 Nc6 4. Nf3 f5 5. d4 e4 6. Ng5 Be7 7. Nh3 Nf6 8. f3 exf3 9. exf3 0-0 10. d5 Ne5 11. Be2 Nh5 12. 0-0 c5 13. f4 Ng4 14. Kg2 Bf6 15. Ng5 Bxc3 16. bxc3 Nhf6 17. Bf3 Qa5 18. Qd3 Re8 19. Bd2 Bd7 20. Ne6 Nh6 21. Rfe1 Re7 22. Rab1 Rb8 23. Qc2 Ba4 24. Qd3 Bd7 25. h3 Be8 26. g4 fxg4 27. hxg4 Nhxg4 28. Bxg4 Nxg4 29. Ng5 Bg6 30. f5 Rxe1 31. Rxe1 Bh5 32. Re7 Re8 33. Rxb7 Ne5 34. Qg3 Bg4 35. Ne6 Qxa2 36. Rxg7+ Kh8 37. Rxh7+ 1-0

[Event "FIDE World Rapid-ch Open 2018"]
[White "Bindrich, Falko"]
[Black "Oganian, Miran"]
[Site "St. Petersburg"]
[Round "9.59"]
[Annotator "ChessBase"]
[Result "1/2-1/2"]
[Date "2018.12.27"]
[WhiteElo "2606"]
[BlackElo "2423"]
[PlyCount "81"]
[TimeControl "900+10"]

1. d4 Nf6 2. c4 e6 3. g3 d5 4. Nf3 Be7 5. Bg2 0-0 6. 0-0 dxc4 7. Ne5 Nc6 8. Nxc6 bxc6 9. Na3 Bxa3 10. bxa3 Ba6 11. Qd2 Rb8 12. Rd1 Rb6 13. a4 Qc8 14. Ba3 Rd8 15. Be7 c3 16. Qxc3 Nd5 17. Bxd5 Rxd5 18. e4 Rd7 19. Bc5 Rb7 20. Rab1 Rd8 21. Kg2 Be2 22. Rxb7 Qxb7 23. Re1 Qa6 24. Qe3 Bc4 25. Qg5 f6 26. Qf4 Qb7 27. a3 Re8 28. Qc1 Qa6 29. a5 Qxa5 30. Re3 Bb5 31. g4 e5 32. g5 exd4 33. Bxd4 Qa4 34. Qa1 c5 35. Bxc5 Rxe4 36. Qa2+ Qc4 37. Qxc4+ Rxc4 38. Bxa7 Rg4+ 39. Rg3 Rxg5 40. Rxg5 fxg5 41. Kf3 1/2-1/2

[Event "FIDE World Rapid-ch Open 2018"]
[White "Indjic, Aleksandar"]
[Black "Kazhgaleyev, Murtas"]
[Site "St. Petersburg"]
[Round "9.60"]
[Annotator "ChessBase"]
[Result "0-1"]
[Date "2018.12.27"]
[WhiteElo "2620"]
[BlackElo "2587"]
[PlyCount "126"]
[TimeControl "900+10"]

1. d4 Nf6 2. c4 g6 3. Nc3 Bg7 4. e4 d6 5. Nf3 0-0 6. Be2 c6 7. 0-0 e5 8. dxe5 dxe5 9. Nxe5 Nxe4 10. Nxe4 Bxe5 11. Qxd8 Rxd8 12. Bg5 Re8 13. Rad1 Bf5 14. Ng3 Bxg3 15. fxg3 f6 16. Rxf5 gxf5 17. Bh5 fxg5 18. Bxe8 Na6 19. Bd7 Rf8 20. Rf1 f4 21. gxf4 Nc5 22. Bg4 gxf4 23. b4 Nd3 24. Rd1 Nxb4 25. Rd7 Re8 26. h4 Nxa2 27. Rxb7 a5 28. Bf5 Nc3 29. Bxh7+ Kf8 30. h5 Re7 31. Rb8+ Kg7 32. Bg6 Ra7 33. Rb3 Ne2+ 34. Kf2 Nd4 35. Ra3 a4 36. Ke1 c5 37. Kd2 Kh6 38. Kd3 Kg5 39. Kd2 Nc6 40. Be8 Ne5 41. Kc3 Re7 42. Bxa4 Kxh5 43. Bc2 Rg7 44. Ra8 Rg3+ 45. Kd2 Rxg2+ 46. Kd1 Nxc4 47. Be4 Rd2+ 48. Ke1 Rd4 49. Rh8+ Kg5 50. Rg8+ Kf6 51. Bb7 Ne5 52. Rf8+ Ke7 53. Rf5 Kd6 54. Rf6+ Kc7 55. Bh1 Ra4 56. Bd5 Rd4 57. Bh1 Kd7 58. Ke2 c4 59. Rh6 c3 60. Rh7+ Kd6 61. Rh6+ Kc5 62. Rh5 Rd2+ 63. Ke1 Kd4 0-1

[Event "FIDE World Rapid-ch Open 2018"]
[White "Zvjaginsev, Vadim"]
[Black "Sharma, Dinesh K."]
[Site "St. Petersburg"]
[Round "9.61"]
[Annotator "ChessBase"]
[Result "1/2-1/2"]
[Date "2018.12.27"]
[WhiteElo "2642"]
[BlackElo "2295"]
[PlyCount "54"]
[TimeControl "900+10"]

1. g3 d5 2. Nf3 c6 3. Bg2 Bg4 4. d3 Nd7 5. Nbd2 Ngf6 6. h3 Bh5 7. c4 e6 8. 0-0 Be7 9. b3 a5 10. a3 0-0 11. Bb2 Rc8 12. Qc2 h6 13. Rfc1 Bg6 14. Ne5 Nxe5 15. Bxe5 Nd7 16. Bc3 b5 17. Bb2 a4 18. Qd1 axb3 19. cxb5 cxb5 20. Rxc8 Qxc8 21. Rc1 Qa6 22. Qxb3 Ra8 23. Rb1 Nc5 24. Qc3 Bf8 25. Nf3 Na4 26. Qb3 Nxb2 27. Qxb2 Rb8 1/2-1/2

[Event "FIDE World Rapid-ch Open 2018"]
[White "Dzhumagaliev, Yan"]
[Black "Dreev, Aleksey"]
[Site "St. Petersburg"]
[Round "9.63"]
[Annotator "ChessBase"]
[Result "0-1"]
[Date "2018.12.27"]
[WhiteElo "2410"]
[BlackElo "2670"]
[PlyCount "104"]
[TimeControl "900+10"]

1. d4 d5 2. c4 c6 3. Nf3 Nf6 4. e3 Bf5 5. Nc3 e6 6. Nh4 Be4 7. f3 Bg6 8. Qb3 Qc7 9. Bd2 Be7 10. cxd5 cxd5 11. Nb5 Qd7 12. Bb4 Nc6 13. Bxe7 Qxe7 14. Nxg6 hxg6 15. Qa3 a6 16. Nd6+ Kd8 17. Rc1 Ne8 18. Nxe8 Qxa3 19. bxa3 Rxe8 20. h4 Kd7 21. f4 Rac8 22. Rb1 Na5 23. Kd2 Rc6 24. Bd3 Rh8 25. Rb4 Rhc8 26. Rhb1 R8c7 27. Ra4 b6 28. Rb2 Ra7 29. Rab4 Kc7 30. Rb1 Nb7 31. e4 Nd6 32. e5 Nf5 33. Bxf5 gxf5 34. R4b3 Ra8 35. Rg3 g6 36. h5 gxh5 37. Rg7 Rf8 38. Rh1 Rc4 39. Kd3 Kd7 40. Rxh5 Ra4 41. g4 Rxa3+ 42. Kc2 fxg4 43. f5 Rxa2+ 44. Kb3 Rf2 45. f6 Rf3+ 46. Kb2 g3 47. Rhh7 Kc6 48. Rxf7 Rxf7 49. Rxf7 Kb5 50. Rg7 Kc4 51. Rg4 Rf2+ 52. Ka3 b5 0-1

[Event "FIDE World Rapid-ch Open 2018"]
[White "Salgado Lopez, Ivan"]
[Black "Vishnu Prasanna. V"]
[Site "St. Petersburg"]
[Round "9.64"]
[Annotator "ChessBase"]
[Result "0-1"]
[Date "2018.12.27"]
[WhiteElo "2629"]
[BlackElo "2518"]
[PlyCount "84"]
[TimeControl "900+10"]

1. e4 c5 2. Nf3 d6 3. c3 Nf6 4. Bd3 Nc6 5. Bc2 Bg4 6. d3 e6 7. Nbd2 d5 8. Qe2 Qc7 9. h3 Bh5 10. g4 Bg6 11. h4 dxe4 12. dxe4 h5 13. g5 Ng4 14. Nc4 Be7 15. Bd2 b5 16. Ne3 Rb8 17. Nf5 exf5 18. exf5 Bh7 19. 0-0-0 b4 20. Rhe1 bxc3 21. Bxc3 Bxf5 22. Bxf5 Qf4+ 23. Nd2 Qxf5 24. f3 0-0 25. fxg4 hxg4 26. Qe4 Qxe4 27. Nxe4 Nd4 28. Nf2 Bd6 29. Nxg4 Bg3 30. Rh1 Rfe8 31. Rh3 Ne2+ 32. Kc2 Bf4 33. Rf1 Nxc3 34. Kxc3 Bc7 35. Ne3 Be5+ 36. Kc4 Rxb2 37. Nd5 Rc2+ 38. Kb5 c4 39. Re3 Rd2 40. Nb4 Rb8+ 41. Kc6 Rb6+ 42. Kc5 Bd4+ 0-1

[Event "FIDE World Rapid-ch Open 2018"]
[White "Belyakov, Bogdan"]
[Black "Novikov, Stanislav"]
[Site "St. Petersburg"]
[Round "9.65"]
[Annotator "ChessBase"]
[Result "1/2-1/2"]
[Date "2018.12.27"]
[WhiteElo "2459"]
[BlackElo "2540"]
[PlyCount "62"]
[TimeControl "900+10"]

1. e4 g6 2. d4 Bg7 3. Nc3 c6 4. h4 d5 5. exd5 cxd5 6. h5 Nc6 7. Bb5 Nh6 8. Qf3 Nf5 9. Nge2 a6 10. Bxc6+ bxc6 11. Be3 Nxe3 12. Qxe3 Qd6 13. 0-0-0 g5 14. g3 h6 15. f4 g4 16. Na4 Bf5 17. Nec3 0-0 18. Rhe1 e6 19. Nc5 Rfb8 20. b3 Rb4 21. N3a4 a5 22. c3 Rbb8 23. Re2 Ra7 24. Rde1 Re7 25. Qd2 Rbe8 26. Re3 f6 27. Qf2 Qb8 28. Qf1 Qc8 29. Nb6 Qc7 30. Nba4 Qc8 31. Nb6 Qc7 1/2-1/2

[Event "FIDE World Rapid-ch Open 2018"]
[White "Usmanov, Vasily"]
[Black "Miton, Kamil"]
[Site "St. Petersburg"]
[Round "9.66"]
[Annotator "ChessBase"]
[Result "1/2-1/2"]
[Date "2018.12.27"]
[WhiteElo "2450"]
[BlackElo "2588"]
[PlyCount "83"]
[TimeControl "900+10"]

1. d4 Nf6 2. c4 Nc6 3. Nf3 e6 4. a3 d6 5. b4 g6 6. Bb2 Bg7 7. Qb3 0-0 8. Nbd2 e5 9. e3 exd4 10. Nxd4 Re8 11. Nxc6 bxc6 12. Be2 a5 13. 0-0 Bd7 14. Bf3 Rb8 15. Bc3 axb4 16. axb4 c5 17. b5 c6 18. Ba5 Qc8 19. b6 Bf5 20. Qa4 Ne4 21. Ra2 Ra8 22. Nxe4 Bxe4 23. Bxe4 Rxe4 24. Rb1 Qb7 25. Qc2 Ree8 26. Bd2 Bf6 27. Rxa8 Rxa8 28. Bc3 Bxc3 29. Qxc3 Rb8 30. Qf6 Qc7 31. Qb2 Qb7 32. h4 Qe7 33. b7 h5 34. Qb6 Qd7 35. g3 d5 36. cxd5 cxd5 37. Qxc5 Rxb7 38. Ra1 Rb8 39. Ra5 Qh3 40. Ra1 Qf5 41. Qd4 Rb1+ 42. Rxb1 1/2-1/2

[Event "FIDE World Rapid-ch Open 2018"]
[White "Moiseenko, Vadim"]
[Black "Teterev, Vitaly"]
[Site "St. Petersburg"]
[Round "9.67"]
[Annotator "ChessBase"]
[Result "1-0"]
[Date "2018.12.27"]
[WhiteElo "2501"]
[BlackElo "2486"]
[PlyCount "97"]
[TimeControl "900+10"]

1. e4 c5 2. Nf3 d6 3. d4 cxd4 4. Nxd4 Nf6 5. Nc3 a6 6. Be3 e6 7. Be2 Qc7 8. g4 b5 9. g5 Nfd7 10. a3 Bb7 11. h4 Nc5 12. f3 Nbd7 13. h5 Nb6 14. Qd2 0-0-0 15. 0-0-0 d5 16. exd5 Nxd5 17. Nxd5 Rxd5 18. Qc3 Bd6 19. h6 Be5 20. Nxb5 axb5 21. Rxd5 Bxd5 22. Qxc5 Qxc5 23. Bxc5 gxh6 24. gxh6 Rg8 25. Be3 f5 26. b3 Rg2 27. Kd1 Rg3 28. Rf1 Kc7 29. Kd2 Bd6 30. a4 bxa4 31. bxa4 f4 32. Bf2 Rg2 33. c3 e5 34. a5 Rh2 35. a6 Rxh6 36. Rg1 Rg6 37. Rh1 Rg7 38. Rh5 Rd7 39. c4 Bc6 40. Kc3 e4 41. fxe4 Bxe4 42. a7 f3 43. Bd3 Bc6 44. Rh6 Kb7 45. Bf5 Be5+ 46. Kb4 Rd8 47. Rxc6 Kxc6 48. Be4+ Kd6 49. a8=Q 1-0

[Event "FIDE World Rapid-ch Open 2018"]
[White "Kevlishvili, Robby"]
[Black "Gareyev, Timur"]
[Site "St. Petersburg"]
[Round "9.68"]
[Annotator "ChessBase"]
[Result "1/2-1/2"]
[Date "2018.12.27"]
[WhiteElo "2451"]
[BlackElo "2569"]
[PlyCount "111"]
[TimeControl "900+10"]

1. e4 e5 2. Nf3 Nc6 3. Bb5 a6 4. Ba4 Nf6 5. d3 d6 6. c3 g6 7. Bg5 h6 8. Bh4 Be7 9. Nbd2 Nh5 10. Bg3 0-0 11. Nf1 Ng7 12. N3d2 f5 13. f3 Kh8 14. Qe2 b5 15. Bb3 Na5 16. Bc2 Rb8 17. Bf2 f4 18. Nb3 c5 19. Nxa5 Qxa5 20. Nd2 Be6 21. 0-0 b4 22. Nb3 Qc7 23. d4 c4 24. Nd2 Rfc8 25. Rfc1 bxc3 26. bxc3 Rb2 27. a4 Bd7 28. d5 Ne8 29. Rab1 Rcb8 30. Rxb2 Rxb2 31. Nxc4 Ra2 32. Nb6 Nf6 33. Qd3 a5 34. Rb1 Ra3 35. Nc4 Ra2 36. Bb6 Qc8 37. Bb3 Rxa4 38. Bxa4 Bxa4 39. Nxa5 Qe8 40. Qc4 Bd7 41. Nc6 Bf8 42. Bc7 Qa8 43. Rb8 Qa1+ 44. Qf1 Qxc3 45. Rxf8+ Kg7 46. Bxd6 Bxc6 47. Rc8 Qd4+ 48. Kh1 Bb5 49. Qg1 Qb2 50. Qc1 Qd4 51. Rb8 Ne8 52. Bxe5+ Qxe5 53. Rxb5 Nd6 54. Qb2 Kf6 55. Qxe5+ Kxe5 56. Rb6 1/2-1/2

[Event "FIDE World Rapid-ch Open 2018"]
[White "Tukhaev, Adam"]
[Black "Maghsoodloo, Parham"]
[Site "St. Petersburg"]
[Round "9.69"]
[Annotator "ChessBase"]
[Result "1-0"]
[Date "2018.12.27"]
[WhiteElo "2527"]
[BlackElo "2688"]
[PlyCount "49"]
[TimeControl "900+10"]

1. e4 c5 2. Nf3 Nc6 3. d4 cxd4 4. Nxd4 Nf6 5. Nc3 d6 6. Bg5 e6 7. Qd2 a6 8. 0-0-0 Bd7 9. f4 b5 10. Bxf6 gxf6 11. Kb1 Qb6 12. Nf3 b4 13. Ne2 a5 14. f5 a4 15. Nf4 b3 16. cxb3 axb3 17. a3 Ra4 18. Nh5 Be7 19. Qh6 Kd8 20. Qg7 Re8 21. Nxf6 exf5 22. Nxe8 fxe4 23. Nxd6 exf3 24. Qh8+ Kc7 25. Nb5+ 1-0

[Event "FIDE World Rapid-ch Open 2018"]
[White "Tregubov, Pavel V."]
[Black "Tissir, Mohamed"]
[Site "St. Petersburg"]
[Round "9.70"]
[Annotator "ChessBase"]
[Result "1-0"]
[Date "2018.12.27"]
[WhiteElo "2592"]
[BlackElo "2387"]
[PlyCount "61"]
[TimeControl "900+10"]

1. d4 e6 2. e4 c5 3. d5 exd5 4. exd5 d6 5. c4 Ne7 6. Nc3 Ng6 7. h3 Be7 8. Nf3 0-0 9. Bd3 Nd7 10. Qc2 Re8 11. 0-0 Bf6 12. Bd2 Nde5 13. Nxe5 Bxe5 14. f4 Bd4+ 15. Kh2 Bd7 16. Ne2 Be3 17. f5 Nf8 18. f6 gxf6 19. Rf3 Bxd2 20. Qxd2 Re5 21. Raf1 f5 22. Ng3 Ng6 23. Bxf5 Be8 24. Qh6 Qe7 25. Nh5 f6 26. Nxf6+ Kh8 27. Nxe8 Rxf5 28. Rxf5 Qxe8 29. Rf7 Qg8 30. Qg5 Qd8 31. Rxh7+ 1-0

[Event "FIDE World Rapid-ch Open 2018"]
[White "Gabrielian, Artur"]
[Black "Lobanov, Sergei"]
[Site "St. Petersburg"]
[Round "9.71"]
[Annotator "ChessBase"]
[Result "1-0"]
[Date "2018.12.27"]
[WhiteElo "2499"]
[BlackElo "2526"]
[PlyCount "67"]
[TimeControl "900+10"]

1. e4 c6 2. d4 d5 3. Nd2 dxe4 4. Nxe4 Bf5 5. Ng3 Bg6 6. c3 e6 7. Nh3 Bd6 8. Nf4 Ne7 9. h4 Qc7 10. Qf3 Nd7 11. h5 Bc2 12. h6 g6 13. Bd3 Bxd3 14. Nxd3 f5 15. Bg5 Nd5 16. 0-0-0 0-0 17. Rhe1 Rae8 18. c4 N5f6 19. Kb1 b6 20. Re2 c5 21. dxc5 bxc5 22. Nf4 Bxf4 23. Bxf4 e5 24. Bg5 Nb6 25. Bxf6 Rxf6 26. Ne4 Rfe6 27. Ng5 Rd6 28. Red2 Red8 29. Ne6 Rxe6 30. Rxd8+ Kf7 31. Rh8 Kf6 32. Rdd8 Re7 33. Rhf8+ Ke6 34. Qd5+ 1-0

[Event "FIDE World Rapid-ch Open 2018"]
[White "Anikonov, Dmitry"]
[Black "Golubov, Saveliy"]
[Site "St. Petersburg"]
[Round "9.72"]
[Annotator "ChessBase"]
[Result "1/2-1/2"]
[Date "2018.12.27"]
[WhiteElo "2371"]
[BlackElo "2482"]
[PlyCount "77"]
[TimeControl "900+10"]

1. d4 g6 2. c4 Bg7 3. e4 Nc6 4. Be3 d6 5. Nc3 e5 6. d5 Nd4 7. Nge2 Nxe2 8. Bxe2 Bh6 9. Bxh6 Nxh6 10. Qd2 Ng8 11. 0-0 Nf6 12. Qh6 Qe7 13. b4 Bg4 14. f3 Bd7 15. g3 a5 16. a3 g5 17. Qxg5 Nxd5 18. Qxe7+ Nxe7 19. Nd5 Nxd5 20. cxd5 c6 21. Bc4 b5 22. dxc6 bxc4 23. cxd7+ Kxd7 24. Rac1 Rhc8 25. Rc3 axb4 26. axb4 Ra4 27. Rb1 f5 28. Rb2 fxe4 29. fxe4 Rc6 30. b5 Rb6 31. Rbc2 Rxb5 32. Rxc4 Rbb4 33. Rxb4 Rxb4 34. Re2 h5 35. Kg2 h4 36. gxh4 Ke6 37. Kg3 Kf6 38. Rf2+ Kg6 39. Rd2 1/2-1/2

[Event "FIDE World Rapid-ch Open 2018"]
[White "Steinberg, Nitzan"]
[Black "Reshetnikov, Alexey"]
[Site "St. Petersburg"]
[Round "9.73"]
[Annotator "ChessBase"]
[Result "1-0"]
[Date "2018.12.27"]
[WhiteElo "2532"]
[BlackElo "2492"]
[PlyCount "99"]
[TimeControl "900+10"]

1. e4 c5 2. Nf3 Nc6 3. d4 cxd4 4. Nxd4 e6 5. Nc3 Qc7 6. Be3 a6 7. Be2 Nf6 8. 0-0 b5 9. Nxc6 dxc6 10. f4 Be7 11. e5 Nd5 12. Nxd5 cxd5 13. Bd4 Bd7 14. Kh1 g6 15. a3 0-0 16. Rf3 Rfc8 17. Bd3 a5 18. Rh3 b4 19. a4 Bc5 20. Bxc5 Qxc5 21. Qd2 Qf8 22. g4 Rc5 23. f5 d4 24. Qf4 Rac8 25. Qxd4 Rd5 26. Qe3 Rcc5 27. Qg5 Bc6 28. Kg1 exf5 29. gxf5 Rxe5 30. Rf1 Qg7 31. Qh4 g5 32. Qd4 Qf6 33. Rg3 h6 34. h4 Rcd5 35. Qf4 Kf8 36. hxg5 hxg5 37. Rxg5 Re8 38. Rg4 Qd6 39. Qg5 Qc5+ 40. Kh2 Rxd3 41. Qg7+ Ke7 42. cxd3 Qc2+ 43. Kg1 Kd8 44. Rd4+ Kc7 45. Rc4 Qe2 46. Qxf7+ Kb6 47. Rxc6+ Kxc6 48. Rc1+ Kd6 49. Qc7+ Kd5 50. Qd7+ 1-0

[Event "FIDE World Rapid-ch Open 2018"]
[White "Kryakvin, Dmitry"]
[Black "Lomasov, Semyon"]
[Site "St. Petersburg"]
[Round "9.74"]
[Annotator "ChessBase"]
[Result "1/2-1/2"]
[Date "2018.12.27"]
[WhiteElo "2588"]
[BlackElo "2553"]
[PlyCount "28"]
[TimeControl "900+10"]

1. d4 e6 2. Nf3 Nf6 3. c4 Bb4+ 4. Bd2 a5 5. g3 0-0 6. Bg2 d5 7. Qc2 c5 8. dxc5 d4 9. 0-0 Bxc5 10. Bg5 Nc6 11. Nbd2 e5 12. a3 h6 13. Bxf6 Qxf6 14. Ne4 Qe7 1/2-1/2

[Event "FIDE World Rapid-ch Open 2018"]
[White "Baron, Tal"]
[Black "Makoveev, Ilya"]
[Site "St. Petersburg"]
[Round "9.75"]
[Annotator "ChessBase"]
[Result "1/2-1/2"]
[Date "2018.12.27"]
[WhiteElo "2532"]
[BlackElo "2257"]
[PlyCount "28"]
[TimeControl "900+10"]

1. d4 Nf6 2. Bf4 g6 3. Nc3 d5 4. e3 Bg7 5. Be2 0-0 6. h4 c5 7. h5 Nc6 8. hxg6 hxg6 9. Nf3 Ne4 10. Kf1 Bg4 11. Ng5 Bxe2+ 12. Nxe2 cxd4 13. exd4 e5 14. Nxe4 dxe4 1/2-1/2

[Event "FIDE World Rapid-ch Open 2018"]
[White "Nozdrachev, Vladislav"]
[Black "Gaifullin, Artur"]
[Site "St. Petersburg"]
[Round "9.76"]
[Annotator "ChessBase"]
[Result "0-1"]
[Date "2018.12.27"]
[WhiteElo "2486"]
[BlackElo "2448"]
[PlyCount "70"]
[TimeControl "900+10"]

1. e4 c6 2. d4 d5 3. Nc3 dxe4 4. Nxe4 Bf5 5. Ng3 Bg6 6. h4 h6 7. Nf3 Nd7 8. h5 Bh7 9. Bd3 Bxd3 10. Qxd3 e6 11. Bd2 Ngf6 12. 0-0-0 Be7 13. Kb1 Qb6 14. Ne4 Rd8 15. g4 Nxg4 16. Rhg1 f5 17. Rxg4 fxg4 18. Nd6+ Bxd6 19. Qg6+ Kf8 20. Qxe6 Be7 21. Qf5+ Bf6 22. Nh4 Qxd4 23. Ng6+ Kg8 24. c3 Qd5 25. Qxg4 Ne5 26. Nxe5 Bxe5 27. a3 Qd7 28. Qc4+ Qf7 29. Qe4 Bf6 30. Qg4 Qd7 31. Qc4+ Qd5 32. Qg4 Qd3+ 33. Ka2 Qd7 34. Qe2 Qd5+ 35. c4 Qe5 0-1

[Event "FIDE World Rapid-ch Open 2018"]
[White "Kovalenko, Igor"]
[Black "Vlassov, Nikolai"]
[Site "St. Petersburg"]
[Round "9.77"]
[Annotator "ChessBase"]
[Result "1-0"]
[Date "2018.12.27"]
[WhiteElo "2657"]
[BlackElo "2401"]
[PlyCount "109"]
[TimeControl "900+10"]

1. e4 Nc6 2. Nc3 Nf6 3. d4 d5 4. e5 Nd7 5. Nxd5 Ndb8 6. Ne3 Qxd4 7. Qxd4 Nxd4 8. f4 c6 9. c3 Nf5 10. Bd3 g6 11. Nf3 Nxe3 12. Bxe3 Bf5 13. 0-0-0 e6 14. Nd4 Nd7 15. Nb3 Bh6 16. Bxf5 gxf5 17. g3 0-0-0 18. Bxa7 Nxe5 19. Bd4 f6 20. Rhe1 Rhe8 21. Bxe5 Rxd1+ 22. Kxd1 fxe5 23. Rxe5 b6 24. Nd4 Kd7 25. Nf3 Bg7 26. Re2 Bf6 27. Kc2 h5 28. Ne5+ Bxe5 29. Rxe5 h4 30. b4 hxg3 31. hxg3 b5 32. Kb3 Ra8 33. Re3 Kd6 34. Rd3+ Kc7 35. a3 Re8 36. Re3 Kd6 37. a4 bxa4+ 38. Kxa4 Ra8+ 39. Kb3 Ra1 40. Rd3+ Kc7 41. Re3 Kd6 42. Kc4 Rc1 43. Rd3+ Kc7 44. Kc5 Re1 45. Rd6 Re3 46. c4 e5 47. Rxc6+ Kb7 48. Rf6 e4 49. Rxf5 Rxg3 50. Re5 e3 51. Re7+ Kc8 52. b5 Kd8 53. Re4 Kd7 54. b6 Rh3 55. Kb5 1-0

[Event "FIDE World Rapid-ch Open 2018"]
[White "Shaposhnikov, Evgeny"]
[Black "Sanikidze, Tornike"]
[Site "St. Petersburg"]
[Round "9.78"]
[Annotator "ChessBase"]
[Result "0-1"]
[Date "2018.12.27"]
[WhiteElo "2576"]
[BlackElo "2507"]
[PlyCount "90"]
[TimeControl "900+10"]

1. e4 e6 2. d3 d5 3. Qe2 dxe4 4. dxe4 Nc6 5. Nf3 e5 6. c3 Nf6 7. b4 Bd6 8. Nbd2 0-0 9. Nc4 Be6 10. Qc2 h6 11. Be2 a5 12. b5 Bxc4 13. Bxc4 Ne7 14. Nh4 Qd7 15. Qe2 Bc5 16. h3 Rad8 17. 0-0 g5 18. Qf3 Kg7 19. Qg3 Qd6 20. Bxg5 Nxe4 21. Bf6+ Kxf6 22. Qf3+ Kg7 23. Qxe4 f5 24. Qxb7 e4 25. Rad1 Qxd1 26. Rxd1 Rxd1+ 27. Kh2 Bxf2 28. Nxf5+ Nxf5 29. Qxc7+ Kg6 30. Qc6+ Kg5 31. h4+ Bxh4 32. g4 Bg3+ 33. Kh3 Rh1+ 34. Kg2 Rh2+ 35. Kg1 Kxg4 36. Qxe4+ Bf4 37. Be6 Kg5 38. b6 Rb2 39. Qd5 Rxb6 40. Qg2+ Kf6 41. Bb3 Rd6 42. Qf3 Kg5 43. Bd5 Re8 44. Be4 Ng3 45. Bc2 Rd2 0-1

[Event "FIDE World Rapid-ch Open 2018"]
[White "Lintchevski, Daniil"]
[Black "Zubritskiy, Artyom"]
[Site "St. Petersburg"]
[Round "9.79"]
[Annotator "ChessBase"]
[Result "0-1"]
[Date "2018.12.27"]
[WhiteElo "2516"]
[BlackElo "2442"]
[PlyCount "68"]
[TimeControl "900+10"]

1. d4 d5 2. c4 dxc4 3. e3 e5 4. Bxc4 Nc6 5. Nf3 e4 6. Nfd2 Qg5 7. Nxe4 Qxg2 8. Ng3 Nf6 9. Bf1 Qd5 10. Nc3 Bb4 11. Bd2 Bxc3 12. bxc3 Bg4 13. Qb3 Qd7 14. Bg2 Rb8 15. h3 Bh5 16. Nxh5 Nxh5 17. Qa3 Ne7 18. Bf3 Nf6 19. Qxa7 0-0 20. Qc5 Rfe8 21. Qg5 h6 22. Qg2 Nf5 23. h4 c5 24. d5 Qa4 25. Qh3 Re5 26. Rd1 Nxd5 27. e4 Rxe4+ 28. Bxe4 Qxe4+ 29. Kf1 Ng3+ 30. Qxg3 Qxh1+ 31. Qg1 Qf3 32. Re1 Qd3+ 33. Re2 Re8 34. Qg4 f5 0-1